Map: [ESL] Cosmic Sapphire

Players

Mixu - Winner!

  • Race: Zerg Zerg
  • Spawn Location: 5:00

FoxeR

  • Race: Terran Terran
  • Spawn Location: 11:00

Event: DreamHack SC2 Masters 2022 Atlanta (Offline)

VOD

Have the link to the VOD?

Description

Time

  • Played on: Nov. 18, 2022, 2:17 p.m.
  • Length: 21:27

All games in this series

Show
View Real Time Build Order
Export as new Build Order

Mixu Zerg - Winner!

Build Orders: Hatch First, Swarm Host 

Get SALT Encoding   

  12  0:00  Drone  
  13  0:12  Overlord  
  13  0:16  Drone  
  14  0:30  Drone x2  
  16  0:48  Hatchery  
  15  0:52  Drone  
  15  0:56  Drone  
  17  0:59  Drone  
  18  1:10  Extractor  
  17  1:13  Spawning Pool  
  17  1:17  Drone  
  17  1:19  Drone  
  18  1:28  Drone  
  19  1:38  Drone  
  20  1:49  Overlord  
  20  2:00  Queen x2  
  24  2:01  Zergling x4  
  26  2:11  Drone x2  
  26  2:13  Metabolic Boost  
  28  2:21  Drone x2  
  30  2:31  Drone  
  30  2:36  Hatchery  
  30  2:41  Queen  
  30  2:44  Drone  
  33  2:47  Overlord  
  33  2:50  Drone  
  34  2:54  Drone  
  34  2:55  Drone  
  36  3:04  Overlord  
  36  3:05  Queen  
  36  3:11  Drone x3  
  41  3:13  Drone  
  41  3:16  Drone  
  43  3:20  Drone  
  43  3:22  Queen  
  46  3:28  Drone  
  46  3:31  Drone  
  48  3:36  Drone  
  48  3:41  Overlord  
  49  3:43  Drone  
  49  3:44  Queen  
  49  3:47  Queen  
  55  3:48  Drone x2  
  55  3:51  Drone x2  
  58  4:00  Zergling x10  
  63  4:05  Overlord  
  63  4:09  Drone x2  
  65  4:14  Drone  
  66  4:21  Overlord  
  66  4:23  Queen  
  66  4:24  Lair, Drone x4  
  68  4:29  Extractor, Overlord  
  68  4:31  Overlord  
  71  4:42  Drone x3  
  74  4:48  Drone x5  
  74  4:49  Hatchery  
  74  4:50  Drone  
  74  4:52  Drone  
  80  4:56  Spore Crawler x3  
  80  4:59  Baneling Nest, Drone  
  77  5:05  Drone x4  
  81  5:08  Overlord  
  81  5:11  Overlord  
  81  5:13  Zergling x2  
  81  5:20  Queen  
  81  5:21  Zergling x6, Evolution Chamber  
  77  5:31  Drone x4, Overlord  
  74  5:38  Drone x4  
  74  5:47  Drone x3  
  77  5:53  Drone  
  75  5:59  Drone x2  
  77  6:05  Drone x3  
  77  6:08  Drone  
  81  6:12  Drone  
  81  6:13  Extractor  
  81  6:14  Drone  
  81  6:15  Drone x2  
  81  6:18  Drone x2, Centrifugal Hooks, Evolution Chamber  
  85  6:19  Evolution Chamber  
  85  6:21  Drone x4  
  85  6:22  Extractor  
  85  6:24  Overseer  
  85  6:25  Drone x2  
  89  6:28  Zergling x8  
  89  6:29  Baneling x2  
  89  6:30  Baneling x5  
  93  6:34  Roach Warren  
  93  6:35  Drone  
  93  6:37  Drone  
  94  6:41  Overlord  
  94  6:42  Zergling x10  
  99  6:48  Zerg Ground Armor Level 1, Zerg Melee Weapons Level 1  
  99  6:51  Drone x5  
  104  7:00  Drone x7  
  111  7:04  Drone x3  
  111  7:06  Extractor  
  112  7:10  Overlord x2  
  112  7:12  Pneumatized Carapace  
  112  7:15  Drone x3  
  115  7:16  Extractor  
  115  7:17  Infestation Pit  
  115  7:19  Drone x2  
  115  7:21  Drone x3, Extractor  
  113  7:26  Evolution Chamber  
  113  7:27  Drone x2  
  107  7:38  Drone x5  
  107  7:40  Drone  
  107  7:42  Drone x5  
  116  7:47  Drone x4  
  116  7:51  Extractor  
  120  7:53  Queen  
  120  7:57  Swarm Host x4, Overlord x2, Nydus Network  
  133  8:00  Overseer  
  133  8:01  Spore Crawler  
  132  8:07  Swarm Host  
  132  8:08  Overlord x2  
  135  8:16  Glial Reconstitution  
  135  8:19  Overlord  
  135  8:20  Swarm Host x5  
  150  8:30  Zergling x10  
  150  8:31  Spine Crawler  
  150  8:33  Hatchery  
  148  8:35  Swarm Host x3  
  157  8:41  Roach x4  
  157  8:43  Overlord  
  157  8:47  Overseer  
  165  8:52  Zerg Missile Weapons Level 1  
  165  8:59  Nydus Canal  
  165  9:01  Roach x5  
  175  9:04  Overlord  
  175  9:09  Overlord  
  175  9:11  Roach x4  
  175  9:12  Spore Crawler  
  175  9:14  Overlord x3  
  175  9:15  Roach  
  175  9:16  Roach  
  180  9:21  Overlord  
  175  9:26  Roach x3  
  181  9:32  Ravager x6  
  184  9:43  Extractor  
  180  9:46  Roach x9  
  180  9:48  Nydus Canal  
  180  9:50  Zergling x4, Unknown  
  199  9:58  Hive  
  197  10:16  Zergling x4  
  199  10:21  Spine Crawler x2  
  199  10:28  Zergling x8  
  199  10:30  Spore Crawler  
  198  10:44  Nydus Canal  
  198  10:48  Zerg Melee Weapons Level 2, Zerg Missile Weapons Level 2, Burrow  
  198  10:50  Zergling x2  
  198  10:52  Spore Crawler, Baneling x11, Hatchery  
  197  11:04  Ravager x3  
  199  11:22  Zergling x16  
  199  11:25  Zergling x24  
  186  11:28  Roach x10  
  186  11:29  Overseer  
  190  11:34  Roach x4  
  190  11:39  Zergling x16  
  196  11:45  Baneling x3  
  196  11:46  Baneling x14, Ravager x4  
  199  11:47  Roach x3  
  199  11:49  Pathogen Glands  
  199  11:50  Adrenal Glands  
  199  11:57  Baneling x3  
  199  11:58  Baneling x6  
  197  12:03  Roach x2  
  195  12:19  Zergling x18  
  193  12:27  Drone x2, Spire  
  193  12:28  Drone x2  
  193  12:29  Drone x4  
  198  12:34  Baneling  
  198  12:35  Baneling x8  
  198  12:40  Zergling x4  
  198  12:43  Nydus Canal  
  200  12:46  Neural Parasite  
  200  12:50  Baneling x18  
  200  12:57  Spore Crawler  
  193  12:58  Spore Crawler  
  193  12:59  Spore Crawler x2  
  193  13:04  Roach x5  
  200  13:08  Spine Crawler  
  200  13:12  Roach x2  
  195  13:18  Roach x7  
  199  13:23  Hatchery, Ravager  
  197  13:30  Zergling x4  
  197  13:35  Zergling x8  
  186  13:45  Zergling x18  
  193  13:51  Extractor  
  193  13:52  Roach x5  
  193  13:54  Ravager, Extractor  
  199  13:55  Baneling  
  199  13:56  Baneling x6  
  199  13:57  Nydus Canal  
  197  14:09  Baneling x17  
  197  14:10  Baneling x6  
  197  14:12  Ravager x2  
  199  14:17  Nydus Canal  
  193  14:33  Zergling x14  
  193  14:37  Infestor x4  
  196  14:46  Infestor  
  198  14:58  Infestor x3  
  198  15:04  Greater Spire  
  198  15:05  Zerg Missile Weapons Level 3, Zerg Melee Weapons Level 3  
  198  15:11  Baneling x14  
  196  15:25  Roach x6  
  169  15:29  Roach x10  
  169  15:35  Ravager x2  
  182  15:41  Roach x5  
  188  15:47  Nydus Canal  
  188  15:48  Roach x4  
  188  16:05  Zergling x12, Roach  
  192  16:17  Nydus Canal  
  192  16:20  Tunneling Claws  
  188  16:31  Ravager x4  
  188  16:32  Zergling x16  
  200  16:33  Baneling  
  200  16:35  Baneling x11  
  200  16:46  Nydus Canal  
  198  16:55  Infestor  
  198  16:59  Zergling x22  
  178  17:01  Drone x3  
  178  17:07  Roach  
  180  17:11  Roach x4  
  180  17:13  Nydus Canal  
  180  17:15  Ravager x7  
  185  17:16  Drone  
  185  17:21  Drone x4  
  185  17:22  Drone x3  
  193  17:23  Ravager x5  
  193  17:24  Infestor  
  193  17:26  Baneling  
  193  17:27  Baneling x21  
  190  17:39  Corruptor x4  
  196  17:46  Zerg Flyer Weapons Level 1  
  196  17:49  Spine Crawler  
  196  17:50  Spine Crawler  
  196  17:51  Spine Crawler x2  
  191  18:10  Zergling x12  
  191  18:11  Zergling x6  
  174  18:13  Roach x6  
  174  18:15  Queen x2  
  171  18:21  Queen x2  
  171  18:22  Queen  
  171  18:24  Overseer  
  171  18:25  Roach x5, Ravager  
  171  18:26  Ravager x2  
  171  18:27  Ravager x2  
  192  18:37  Roach x2  
  192  18:39  Roach x8  
  192  18:40  Ravager x3  
  192  18:41  Ravager  
  198  18:59  Zergling x6  
  197  19:09  Drone  
  192  19:12  Ravager x6  
  193  19:17  Zergling x14  
  197  19:29  Nydus Canal  
  197  19:32  Corruptor  
  199  19:39  Drone x4  
  199  19:43  Infestor x5  
  199  19:54  Hatchery  
  199  19:59  Zergling x14  
  199  20:06  Hatchery  
  195  20:15  Zergling x6  
  195  20:16  Zergling x4  
  195  20:26  Roach x8  
  195  20:28  Corruptor x3  
  170  20:30  Roach x2  
  175  20:37  Roach x2  
  175  20:40  Roach x3  
  181  20:46  Ravager x5  
  181  20:47  Ravager x3  
  181  20:49  Baneling x13  
  189  20:51  Queen  
  189  20:55  Zergling x10  
  180  21:07  Zergling x10  
  172  21:24  Nydus Canal  
Show
View Real Time Build Order
Export as new Build Order

FoxeR Terran 

Build Orders: 2 Factory, Command Center First (CC), Hellion Banshee 

Get SALT Encoding   

  12  0:00  SCV  
  13  0:12  SCV  
  14  0:17  Supply Depot  
  14  0:24  SCV  
  15  0:38  SCV  
  16  0:50  SCV  
  17  0:59  Command Center  
  17  1:02  SCV  
  18  1:13  Barracks  
  18  1:15  SCV  
  19  1:24  Refinery  
  19  1:28  SCV  
  19  1:29  Refinery  
  20  1:40  SCV  
  22  2:01  Supply Depot  
  22  2:02  Orbital Command  
  22  2:05  Marine  
  22  2:12  Factory  
  22  2:18  Orbital Command  
  22  2:25  Barracks Reactor  
  22  2:29  SCV  
  23  2:41  SCV, Factory  
  24  2:45  SCV  
  25  2:53  SCV  
  25  2:57  Starport  
  26  2:58  SCV  
  26  3:05  SCV  
  28  3:11  SCV  
  29  3:16  Hellion x2  
  29  3:17  Marine  
  29  3:19  SCV  
  35  3:23  SCV  
  35  3:26  Factory Tech Lab  
  36  3:31  SCV  
  37  3:35  SCV  
  37  3:36  Viking  
  37  3:37  Hellion x2  
  44  3:42  Supply Depot  
  44  3:46  Supply Depot  
  46  3:48  SCV x2  
  46  3:50  Infernal Pre-Igniter  
  46  3:57  Hellion  
  46  4:04  SCV x2  
  46  4:05  Supply Depot  
  46  4:06  Hellion x2  
  46  4:08  Starport Tech Lab  
  52  4:16  SCV  
  53  4:18  Supply Depot  
  53  4:19  SCV  
  53  4:23  Hellion  
  56  4:27  Supply Depot  
  56  4:28  Supply Depot, SCV  
  56  4:30  Hellion  
  59  4:31  SCV  
  59  4:32  Banshee  
  65  4:38  Hellion  
  65  4:40  SCV  
  65  4:43  SCV  
  65  4:44  Hellion  
  69  4:47  Cloaking Field  
  69  4:52  SCV  
  70  4:54  Hellion  
  70  4:58  SCV  
  75  5:00  Hellion  
  75  5:09  Command Center  
  75  5:15  Banshee  
  75  5:17  Hellion x2, SCV  
  81  5:24  SCV  
  80  5:29  Refinery  
  80  5:30  Refinery  
  80  5:35  Hellion  
  80  5:38  Hellion  
  80  5:39  SCV  
  77  5:42  Hellion  
  77  5:44  SCV  
  77  5:46  Factory  
  74  5:51  SCV  
  74  5:55  Armory  
  74  5:56  SCV, Hellion  
  78  5:58  Banshee  
  78  5:59  Hellion  
  78  6:02  Supply Depot  
  78  6:03  SCV  
  86  6:04  Hellion  
  86  6:11  Supply Depot  
  86  6:17  Hyperflight Rotors  
  86  6:18  Barracks Tech Lab  
  86  6:21  SCV, Hellion x2  
  91  6:30  Factory  
  91  6:31  Factory  
  91  6:32  Armory  
  91  6:33  SCV x2  
  93  6:41  Command Center  
  93  6:45  SCV x2  
  95  6:54  Hellion  
  100  6:57  SCV  
  100  6:58  SCV x2  
  103  7:06  Thor x2  
  112  7:10  SCV x2  
  112  7:12  Engineering Bay, Refinery  
  114  7:19  Hellion  
  114  7:21  Factory Tech Lab x2  
  114  7:22  Hellion  
  116  7:24  Refinery, Orbital Command  
  116  7:27  SCV x2  
  106  7:39  SCV  
  106  7:40  SCV  
  106  7:41  Hellion  
  106  7:43  Thor  
  106  7:44  Hellion  
  110  7:50  SCV  
  111  7:51  SCV  
  111  7:52  Terran Vehicle Weapons Level 1, Terran Vehicle And Ship Armor Level 1, SCV  
  111  7:56  Hellion  
  111  7:57  Banshee  
  111  7:58  Hellion  
  120  8:02  Planetary Fortress  
  120  8:04  SCV x2  
  122  8:09  Sensor Tower  
  122  8:13  Hellion  
  122  8:15  Missile Turret x2  
  122  8:17  Missile Turret  
  122  8:18  SCV x2, Missile Turret  
  126  8:22  SCV  
  126  8:23  Hellion  
  126  8:27  Supply Depot x2  
  129  8:29  Siege Tank  
  139  8:48  SCV, Siege Tank x2  
  139  8:49  SCV x3, Hellion x2  
  139  8:50  Supply Depot  
  139  8:51  Refinery x2  
  146  8:57  Supply Depot  
  146  8:58  Supply Depot  
  146  9:00  SCV, Siege Tank  
  146  9:01  SCV, Siege Tank  
  154  9:04  Mag-Field Accelerator  
  156  9:17  Hellion  
  156  9:20  Thor x2  
  156  9:23  Hellion  
  166  9:30  SCV  
  157  9:32  SCV x3, Siege Tank  
  157  9:33  Hellion  
  167  9:38  Hellion  
  167  9:42  SCV  
  167  9:44  SCV x3, Hellion  
  173  9:48  Banshee  
  176  9:54  SCV, Hellion  
  176  9:56  SCV  
  180  10:00  Terran Vehicle Weapons Level 2, Terran Vehicle And Ship Armor Level 2  
  180  10:01  Supply Depot  
  180  10:06  SCV  
  183  10:08  Cyclone  
  183  10:13  Cyclone  
  187  10:17  Command Center  
  187  10:23  Cyclone, SCV x2  
  187  10:27  Hellion  
  194  10:30  Banshee  
  194  10:32  SCV  
  194  10:35  Command Center  
  196  10:49  Factory x2  
  196  10:50  Factory  
  196  10:54  Smart Servos  
  196  10:57  Neosteel Armor  
  196  10:59  Thor  
  196  11:05  Siege Tank  
  198  11:19  Siege Tank  
  198  11:22  Thor  
  198  11:23  Hellion x2  
  165  11:36  Hellion x3  
  165  11:37  Thor  
  177  11:42  Thor  
  177  11:44  Hellion x2  
  185  11:52  Hellion  
  187  11:57  Hellion x2  
  187  11:58  Hellion  
  193  12:02  Refinery  
  193  12:05  Hellion x2  
  193  12:08  Hellion  
  193  12:12  Command Center, Refinery  
  193  12:13  Thor  
  194  12:19  Hellion x3  
  194  12:20  Thor  
  182  12:25  Thor, Terran Vehicle Weapons Level 3, Terran Vehicle And Ship Armor Level 3  
  182  12:26  Hellion  
  182  12:27  Hellion  
  182  12:28  SCV x4  
  196  12:30  Planetary Fortress  
  194  12:47  Siege Tank  
  194  12:48  Command Center  
  194  12:50  Factory Tech Lab x2  
  197  12:56  Siege Tank  
  197  12:58  Banshee  
  197  13:01  Starport  
  193  13:17  Sensor Tower  
  193  13:19  Cyclone, Siege Tank  
  181  13:20  Factory Tech Lab  
  181  13:24  Hellion, Siege Tank x2  
  181  13:25  Hellion, SCV x2  
  187  13:27  SCV  
  182  13:37  SCV x2, Siege Tank, Hellion  
  182  13:39  SCV  
  174  13:42  Hellion  
  174  13:46  Hellion x2  
  177  13:49  Banshee  
  177  13:50  Starport Tech Lab  
  177  13:51  Hellion  
  177  13:53  SCV  
  177  13:57  Hellion  
  179  14:07  Refinery, SCV  
  179  14:09  Refinery  
  180  14:14  Command Center  
  180  14:17  Sensor Tower  
  180  14:22  Banshee  
  183  14:31  Hellion, Banshee  
  178  14:36  Hellion  
  178  14:37  Hellion  
  172  14:40  Hellion  
  172  14:43  Planetary Fortress  
  172  14:46  Planetary Fortress  
  172  14:54  Hellion  
  172  14:55  Hellion  
  176  15:02  SCV x3  
  176  15:05  Banshee  
  176  15:06  Hellion  
  184  15:10  Hellion x6  
  185  15:14  SCV x3, Banshee  
  185  15:20  SCV  
  191  15:26  SCV x2, Hellion  
  164  15:29  Hellion x2  
  164  15:30  SCV  
  164  15:32  SCV  
  164  15:35  SCV  
  168  15:38  SCV  
  163  15:46  Hellion  
  163  15:47  Hellion, SCV  
  163  15:48  Banshee  
  166  15:57  Hellion x2, Banshee  
  166  16:00  Refinery  
  166  16:03  Sensor Tower  
  143  16:22  SCV  
  144  16:28  SCV  
  144  16:29  SCV  
  144  16:31  Banshee  
  149  16:33  Hellion  
  151  16:40  Banshee  
  151  16:44  Hellion x2  
  151  16:46  Sensor Tower  
  158  16:52  Refinery  
  158  16:54  Siege Tank  
  158  16:55  Siege Tank  
  158  16:57  Orbital Command  
  158  16:58  Sensor Tower  
  158  17:00  Refinery  
  157  17:14  Banshee  
  155  17:16  SCV x2  
  155  17:19  Missile Turret  
  151  17:27  Hellion x2  
  151  17:28  SCV  
  151  17:29  SCV  
  156  17:37  Banshee  
  156  17:40  SCV  
  156  17:41  SCV x2  
  162  17:53  Orbital Command  
  162  17:56  SCV, Banshee  
  144  18:14  Hellion  
  141  18:20  Banshee  
  141  18:21  Hellion x2  
  141  18:22  SCV  
  149  18:30  SCV  
  150  18:34  SCV  
  150  18:35  SCV  
  150  18:39  Banshee  
  150  18:41  Hellion x3  
  161  18:42  SCV  
  155  18:56  Hellion x2  
  155  18:57  Hellion  
  157  19:03  Hellion, Banshee  
  157  19:07  Hellion  
  160  19:10  Hellion  
  160  19:17  Hellion  
  160  19:22  Hellion  
  162  19:33  Hellion  
  162  19:37  SCV x3  
  162  19:38  Planetary Fortress  
  164  19:41  Hellion  
  164  19:45  Hellion  
  167  19:53  Hellion x2  
  167  19:56  Hellion  
  169  20:04  Thor  
  165  20:17  SCV  
  163  20:23  Hellion x2  
  163  20:24  Hellion  
  163  20:25  Banshee  
  163  20:28  Hellion x5  
  125  20:34  Hellion x4  
  119  20:36  Hellion x4  
  117  20:43  Missile Turret  
  117  20:44  Hellion  
  117  20:45  Hellion  
  117  20:47  Cyclone x4  
  123  20:54  Hellion  
Tags
 
Add a new tag
Caveats
  • Supply blocks, unpowered buildings, or Contaminate may cause inaccurate times.
  • Supply counts are checked every 10 seconds.